 Dungeon Crawl Stone Soup version 0.28.0-43-g3370ac3207 (webtiles) character file.

Game seed: 2992366527756756504

6365 DearestLeader the Cleaver (level 10, -6/88 HPs)
             Began as a Minotaur Fighter on Mar 10, 2022.
             Was a High Priest of Okawaru.
             Mangled by a seven-headed hydra (7 damage)
             ... on level 8 of the Dungeon.
             The game lasted 00:14:54 (8745 turns).

DearestLeader the Cleaver (Minotaur Fighter)        Turns: 8745, Time: 00:14:54

Health: -6/88      AC: 15    Str: 23    XL:     10   Next: 65%
Magic:  0/22       EV:  5    Int: 15    God:    Okawaru [*****.]
Gold:   605        SH:  0    Dex: 10    Spells: 1/9 levels left

rFire   . . .      SeeInvis .   b - +7 hand axe of the Sea {freeze, Drain rCorr Int+8 Stlth+}
rCold   + . .      Faith    .   c - +0 buckler
rNeg    . . .      Spirit   +   q - +1 scale mail {rPois}
rPois   +          Reflect  .   (helmet restricted)
rElec   .          Harm     .   r - +0 cloak
rCorr   +          Rampage  .   n - +0 pair of gloves
Will    .....                   (no boots)
Stlth   +.........              v - amulet of guardian spirit
HPRegen 0.24/turn               h - +4 ring of protection
MPRegen 0.18/turn               L - ring "Qeckieg" {Fly rC+ MP+9}

@: about to teleport, flying, held
A: horns 2, retaliatory headbutt
a: Renounce Religion, Heroism, Finesse, Duel


You were on level 8 of the Dungeon.
You worshipped Okawaru.
Okawaru was extremely pleased with you.
You visited 2 branches of the dungeon, and saw 9 of its levels.
You also visited: Ossuary and Bailey.

You collected 605 gold pieces.

Inventory:

Hand Weapons
 a - a +1 war axe
 b - the +7 hand axe of the Sea (weapon) {freeze, Drain rCorr Int+8 Stlth+}
   (You found it on level 5 of the Dungeon)

   It freezes those it strikes, dealing additional cold damage.
   It can also slow down cold-blooded creatures.
   Int:       It affects your intelligence (+8).
   rCorr:     It protects you from acid and corrosion.
   Drain:     It drains your maximum health when unequipped.
   Stlth:     It makes you more stealthy.
Armour
 c - a +0 buckler (worn)
 g - a +0 plate armour
 n - a +0 pair of gloves (worn)
 q - a +1 scale mail of poison resistance (worn)
 r - a +0 cloak (worn)
Jewellery
 h - a +4 ring of protection (left hand)
 v - an amulet of guardian spirit (around neck)
 E - a ring of positive energy
 F - a +4 ring of protection
 G - a ring of magical power
 L - the ring "Qeckieg" (right hand) {Fly rC+ MP+9}
   (You acquired it on level 8 of the Dungeon)

   [ring of protection from cold]

   rC:        It protects you from cold.
   MP:        It affects your magic capacity (+9).
   Fly:       It grants you flight.
Wands
 z - a wand of iceblast (14)
 D - a wand of mindburst (10)
Scrolls
 e - 2 scrolls of amnesia {unknown}
 f - a scroll of silence
 i - 4 scrolls of teleportation
 m - 3 scrolls of vulnerability
 o - a scroll of enchant armour
 p - 4 scrolls of immolation {unknown}
 y - 7 scrolls of identify
 A - a scroll of blinking {unknown}
 B - a scroll of enchant weapon
 C - 2 scrolls of holy word {unknown}
 I - a scroll of magic mapping
Potions
 d - a potion of might
 j - a potion of berserk rage
 k - 3 potions of flight {unknown}
 l - 2 potions of brilliance
 s - 3 potions of heal wounds {unknown}
 t - 2 potions of lignification {unknown}
 u - a potion of mutation {unknown}
 w - 2 potions of curing
 x - a potion of degeneration {unknown}
 H - 2 potions of cancellation {unknown}
 J - 2 potions of haste {unknown}
 K - a potion of magic {unknown}


   Skills:
 + Level 8.1 Fighting
 * Level 14.5 Axes
 + Level 8.1 Armour
 - Level 3.0 Dodging
 - Level 4.0 Shields
 + Level 5.3 Invocations


You had one spell level left.
You knew the following spells:

 Your Spells              Type           Power      Damage    Failure   Level
a - Ozocubu's Armour      Ice            0%         N/A       93%         3
b - Passwall              Tmut/Erth      0%         N/A       75%         2
c - Swiftness             Air            0%         N/A       93%         3

Your spell library contained the following spells:

 Spells                   Type           Power      Damage    Failure   Level
 Sandblast                Erth           0%         2d4       61%         1
 Ensorcelled Hibernation  Hex/Ice        0%         N/A       75%         2
 Stone Arrow              Conj/Erth      0%         3d7       93%         3
 Metabolic Englaciation   Hex/Ice        0%         N/A       100%        5
 Summon Small Mammal      Summ           Unusable   N/A       N/A         1
 Call Canine Familiar     Summ           Unusable   N/A       N/A         3
 Summon Guardian Golem    Hex/Summ       Unusable   N/A       N/A         3
 Simulacrum               Ice/Necr       Unusable   N/A       N/A         6

Dungeon Overview and Level Annotations

Branches:
Dungeon (8/15)             Temple (1/1) D:4         Ossuary (visited)
 Bailey (visited)
   Lair: D:8-11

Altars:
Ashenzari
Dithmenos
Elyvilon
Gozag
Okawaru
Trog
Wu Jian
Zin
The Shining One

Shops:
D:8 *

Annotations:
D:8 Harold


Innate Abilities, Weirdness & Mutations

You have a pair of horns on your head.
You reflexively headbutt those who attack you in melee.


Message History

The seven-headed hydra bites you but does no damage.
The seven-headed hydra bites you! The seven-headed hydra bites you.
The seven-headed hydra bites you! The seven-headed hydra bites you.
The kobold throws a stone.
You block the stone.
A kobold brigand comes into view.
It is wielding a +0 dagger and quivering poisoned darts.
The kobold throws a stone.
The stone closely misses you.
The kobold throws a stone.
The stone closely misses you.
Harold throws a throwing net.
The throwing net hits you.
You become entangled in the net!
You see here a throwing net.
As you read the scroll of teleportation, it crumbles to dust.
You feel strangely unstable.
It was a potion of curing.
You feel better. The seven-headed hydra bites you.
The seven-headed hydra bites you but does no damage.
The seven-headed hydra barely misses you.
The seven-headed hydra bites you but does no damage. x3
The seven-headed hydra closely misses you.
Okay, then.
You struggle against the net.
The seven-headed hydra bites you. The seven-headed hydra bites you!
* * * LOW HITPOINT WARNING * * *
The seven-headed hydra bites you.
* * * LOW HITPOINT WARNING * * *
The seven-headed hydra bites you but does no damage.
The seven-headed hydra bites you.
* * * LOW HITPOINT WARNING * * *
The seven-headed hydra barely misses you.
The seven-headed hydra bites you but does no damage.
Harold hits you from afar with a +0 glaive!
* * * LOW HITPOINT WARNING * * *
A kobold comes into view. It is wielding a +1 dagger of freezing.
You tear a large gash into the net.
The seven-headed hydra bites you.
* * * LOW HITPOINT WARNING * * *
The seven-headed hydra barely misses you.
The seven-headed hydra bites you but does no damage.
The seven-headed hydra bites you.
* * * LOW HITPOINT WARNING * * *
The seven-headed hydra bites you but does no damage. x2
The seven-headed hydra bites you!
You die...

,,,,,,,,,,,,........# #.........
,,,,,,,,,,,,...#....####.########
,,,**,,,,,,*##))......##.#
,,,**,,,,,,###@)......##.#
,,,**,,,,,,#.†).......##.####
,,,****#####.###......÷.....# ###
,,,#####.....###............###..
,,,#......)....#............#....
,,,#.....K..KK@D@............####
,,,#..........K#...≈≈........#...
,,,#...........#.............#.∩.
,**#........K..#.............#...
,* #.....#######.............#.>.
,* #.....# #.............#... **
#.....# #.............####
***#.....##############'##'##....
,,,+....................##.####.#


You could see Harold, a seven-headed hydra, a kobold brigand and 4 kobolds.

Vanquished Creatures
  Pikel (D:4)
  An orc knight (Bailey)
  A manticore (D:8)
  A kobold demonologist (D:8)
  A hornet (D:5)
  Prince Ribbit (D:7)
  2 wyverns (D:8)
  Grum (D:8)
  A steam dragon (D:7)
  A water moccasin (D:8)
  Edmund (D:5)
  7 orc warriors
  2 sky beasts (D:5)
  An ice beast (D:7)
  A necrophage (D:3)
  A centaur (D:5)
  3 wolves (D:8)
  A lemure (D:3)
  2 kobold brigands (D:8)
  Blork the orc (D:4)
  A wyvern zombie (D:7)
  4 scorpions
  3 water moccasin zombies (Ossuary)
  A wyvern skeleton (D:7)
  A water moccasin skeleton (D:7)
  6 killer bees (D:8)
  5 wights (D:7)
  A howler monkey (D:5)
  A vampire bat (D:4)
  A bullfrog zombie (D:7)
  A centaur zombie (D:8)
  2 hounds
  A jelly (D:6)
  Crazy Yiuf (D:4)
  3 orc priests
  2 bullfrog skeletons
  2 gnoll shamans
  3 iguanas
  2 orc wizards (D:7)
  2 mummies (Ossuary)
  13 gnolls
  9 adders
  2 shadow imps (D:6)
  A worm zombie (D:5)
  6 adder zombies (Ossuary)
  2 adder skeletons (D:4)
  5 worms
  A dart slug (D:2)
  3 fire bats (D:4)
  28 orcs
  2 spectral bats (D:4)
  6 ball pythons
  3 bat skeletons (D:4)
  A bat zombie (D:4)
  10 endoplasms
  3 giant cockroaches
  10 gnoll zombies
  9 goblins
  8 hobgoblins
  7 jackals
  28 kobolds
  A quokka (D:1)
  19 bats
  A bat simulacrum (D:4)
  5 frilled lizards
  3 hobgoblin zombies (Ossuary)
  4 kobold zombies (Ossuary)
  5 orc zombies (Ossuary)
  8 rats
277 creatures vanquished.

Notes
Turn   | Place    | Note
-------+----------+-------------------------------------------
     0 | D:1      | DearestLeader the Minotaur Fighter began the quest for the
                  | Orb.
     0 | D:1      | Reached XP level 1. HP: 19/19 MP: 0/0
   167 | D:1      | Reached XP level 2. HP: 26/27 MP: 1/1
   654 | D:1      | Reached skill level 3 in Axes
  1228 | D:2      | Reached skill level 1 in Dodging
  1228 | D:2      | Reached XP level 3. HP: 29/33 MP: 2/2
  1411 | D:2      | Found a faded altar of an unknown god.
  1420 | D:2      | Reached XP level 4. HP: 40/40 MP: 3/3
  1537 | D:2      | Reached skill level 4 in Axes
  1951 | D:2      | Found a white marble altar of Elyvilon.
  2803 | D:4      | Found a staircase to the Ecumenical Temple.
  2813 | Temple   | Entered the Ecumenical Temple
  2825 | Temple   | Became a worshipper of Warmaster Okawaru
  2898 | D:4      | Noticed a necrophage
  2899 | D:4      | Noticed a lemure
  2899 | D:4      | Noticed a scorpion
  2906 | D:4      | Reached XP level 5. HP: 45/46 MP: 4/4
  3074 | D:3      | Killed a necrophage
  3075 | D:3      | Reached skill level 5 in Axes
  3081 | D:3      | Killed a lemure
  3267 | D:3      | Reached skill level 6 in Axes
  3267 | D:3      | Reached XP level 6. HP: 49/52 MP: 5/5
  3286 | D:4      | Reached * piety under Okawaru
  3436 | D:4      | Reached skill level 7 in Axes
  3646 | D:4      | Noticed Pikel
  3672 | D:4      | Killed Pikel
  3672 | D:4      | Reached ** piety under Okawaru
  3673 | D:4      | Reached skill level 10 in Axes
  3673 | D:4      | Reached XP level 7. HP: 31/59 MP: 6/6
  3871 | D:4      | Found a runed translucent door.
  3871 | D:4      | Noticed Blork the orc
  3874 | D:4      | Killed Blork the orc
  3875 | D:4      | Noticed Crazy Yiuf
  3881 | D:4      | Killed Crazy Yiuf
  3882 | D:4      | Reached XP level 8. HP: 44/66 MP: 7/7
  4106 | D:4      | Found an ornate altar of the Wu Jian Council.
  4181 | D:5      | Entered Level 5 of the Dungeon
  4225 | D:5      | Found a sand-covered staircase.
  4242 | D:5      | Identified the +7 hand axe of the Sea {freeze, Drain rCorr
                  | Int+8 Stlth+}
  4248 | Ossuary  | Entered an ossuary
  4401 | Ossuary  | Reached skill level 11 in Axes
  4508 | Ossuary  | Reached *** piety under Okawaru
  4807 | D:5      | Noticed Edmund
  4814 | D:5      | Killed Edmund
  4815 | D:5      | Reached skill level 1 in Invocations
  5156 | D:5      | Reached skill level 5 in Fighting
  5156 | D:5      | Reached skill level 5 in Armour
  5430 | D:5      | Noticed a hornet
  5455 | D:5      | Killed a hornet
  5456 | D:5      | Reached skill level 12 in Axes
  5456 | D:5      | Reached XP level 9. HP: 64/74 MP: 6/9
  5924 | D:6      | Learned a level 3 spell: Ozocubu's Armour
  5927 | D:6      | Learned a level 2 spell: Passwall
  5931 | D:6      | Learned a level 3 spell: Swiftness
  6057 | D:6      | Found a glowing golden altar of the Shining One.
  6799 | D:7      | Reached **** piety under Okawaru
  6805 | D:7      | Reached skill level 13 in Axes
  7454 | D:7      | Noticed Prince Ribbit
  7468 | D:7      | Killed Prince Ribbit
  7683 | D:8      | Noticed Grum
  7687 | D:8      | Reached XP level 10. HP: 71/86 MP: 8/12
  7706 | D:8      | Killed Grum
  7706 | D:8      | Reached ***** piety under Okawaru
  7780 | D:8      | Found a flagged portal.
  7793 | Bailey   | Entered a bailey
  7818 | Bailey   | Noticed an orc warlord
  7881 | Bailey   | Reached skill level 14 in Axes
  7957 | Bailey   | Noticed an orc knight
  7974 | Bailey   | Killed an orc knight
  8259 | Bailey   | Found a runed translucent gate.
  8262 | Bailey   | Found a runed translucent gate.
  8263 | Bailey   | Found a runed translucent gate.
  8343 | D:8      | Acquired the ring "Qeckieg" {Fly rC+ MP+9}
  8514 | D:8      | Noticed a manticore
  8521 | D:8      | Killed a manticore
  8522 | D:8      | Reached skill level 5 in Invocations
  8628 | D:8      | Found Xazout's Assorted Antiques.
  8729 | D:8      | Noticed a seven-headed hydra
  8736 | D:8      | Noticed Harold
  8745 | D:8      | HP: 1/88 [seven-headed hydra (4)]
  8745 | D:8      | Mangled by a seven-headed hydra

Illustrated notes

Levels and vault maps discovered:
D:1:      dpeg_arrival_houses_and_road, layout_loops_corners,
          chequers_serial_rivers_large_b, amethyst_killhole, minmay_domino_2
D:2:      layout_loops_ring, basic_altar, basic_ecumenical_altar
D:3:      layout_basic, minmay_misc_feat_diagonals
D:4:      layout_cave_pools, nicolae_wu_jian_immortal_techniques, temple_pool_b,
          goddamned_bats, uniq_crazy_yiuf_cottage, uniq_pikel,
          uniq_blork_the_orc
D:5:      minmay_opposing_rooms, layout_basic, enter_ossuary_3,
          serial_corexii_hall, corexii_hall_statues_deadend,
          corexii_hall_statues_u, corexii_hall_statues_t,
          corexii_hall_statues_x, corexii_hall_statues_i,
          corexii_hall_statues_i, minmay_misc_feat_secret_circle, uniq_edmund
D:6:      layout_basic, nicolae_overflow_crystal_walls, corexii_shack
D:7:      layout_loops_ring, kennysheep_generic_room_7, uniq_prince_ribbit1
D:8:      layout_basic, mainiacjoe_overflow_alcove_4, enter_bailey_3,
          nicolae_take_the_stairs, grunt_ministairs_13, uniq_grum, uniq_harold
Temple:   mainiacjoe_temple_coin_purse

Skill      XL: |  1  2  3  4  5  6  7  8  9 10 |
---------------+-------------------------------+-----
Axes           | 3 4 6 10 12 13 14 | 14.5
Fighting       | 4 5 7 8 |  8.1
Dodging        | 1 2 3 |  3.0
Shields        | 4 |  4.0
Armour         | 4 5 7 8 |  8.1
Invocations    | 2 4 5 |  5.3

Action                   |  1- 3 |  4- 6 |  7- 9 | 10-12 || total
-------------------------+-------+-------+-------+-------++-------
Melee: War axe           |    81 |   142 |    29 |       ||   252
       Headbutt          |     6 |    22 |    46 |    16 ||    90
       Hand axe          |       |       |   245 |   104 ||   349
Invok: Heroism           |       |       |     1 |     1 ||     2
  Use: Scroll            |       |     4 |     6 |     3 ||    13
       Potion            |       |       |       |     1 ||     1
Armor: Scale mail        |    43 |   104 |    85 |    54 ||   286
Dodge: Dodged            |    38 |   103 |    83 |    57 ||   281
Block: Buckler           |    24 |    55 |    40 |    26 ||   145
